 Dungeon Crawl Stone Soup version 0.12.2-6-g2b2ad49 (webtiles) character file.

449 Snargelfargen the Skirmisher (level 5, 0/43 HPs)
             Began as a Demonspawn Fighter on June 12, 2013.
             Succumbed to an adder's poison
             ... on Level 4 of the Dungeon.
             The game lasted 00:30:36 (3943 turns).

Snargelfargen the Skirmisher (Demonspawn Fighter)   Turns: 3943, Time: 00:30:36

HP   0/43        AC 12     Str 18      XL: 5   Next: 77%
MP   4/4         EV  8     Int  9      God:
Gold 213         SH  0     Dex 12      Spells:  0 memorised,  4 levels left

Res.Fire  : . . .   See Invis. : .   a - +0 falchion
Res.Cold  : . . .   Warding    : .   b - +0 scale mail
Life Prot.: . . .   Conserve   : .   (no shield)
Res.Poison: .       Res.Corr.  : .   (no helmet)
Res.Elec. : .       Clarity    : .   (no cloak)
Sust.Abil.: . .     Spirit.Shd : .   (no gloves)
Res.Mut.  : .       Stasis     : .   (no boots)
Res.Rott. : .       Ctrl.Telep.: .   (no amulet)
Saprovore : . . .   Flight     : .   (no ring)
                                     (no ring)

@: mildly poisoned, slightly resistant to hostile enchantments, extremely
unstealthy
A: AC +6
a: no special abilities


You were on level 4 of the Dungeon.
You were hungry.

You visited 1 branch of the dungeon, and saw 4 of its levels.

You collected 193 gold pieces.

Inventory:

Hand weapons
 a - a +0,+0 falchion (weapon)
 m - a +0,+0 short sword
 q - a +1,+0 dwarven dagger
 s - a +0,+1 orcish dagger
 t - a +0,+0 dagger
 u - a +0,+0 whip
 y - a +0,+1 orcish dagger
 z - a cursed -3,-1 spear
 B - a cursed -1,+0 dagger
 C - a -1,+0 orcish hammer
 D - a +0,+0 orcish hand axe (quivered)
 H - a +0,+0 sling
 I - a -1,+1 orcish glaive
 K - a +0,+0 club
 L - a +0 blowgun
 N - a cursed -1,-2 orcish club
Missiles
 i - 55 stones
 j - 7 bolts of penetration
 k - 2 darts
 l - 13 poisoned needles
 o - 8 arrows of flame
 E - 22 arrows
 F - 17 sling bullets
Armour
 b - a +0 scale mail (worn)
 c - a +0 shield
 e - a +0 dwarven large shield
 J - a +0 orcish robe
Comestibles
 d - 2 bread rations
 n - an apple
 w - 2 meat rations
 G - a pear
Scrolls
 g - a scroll of fear
 p - 2 scrolls of noise
 x - a scroll of random uselessness
Jewellery
 f - an uncursed ring of fire
Potions
 h - a potion of flight
Magical staves
 r - an uncursed staff of summoning {unknown}
Carrion
 M - a kobold corpse


   Skills:
 + Level 4.8 Fighting
 + Level 3.9 Long Blades
 - Level 3.0 Armour
   Level 3.0 Shields


You had 4 spell levels left.
You didn't know any spells.

Dungeon Overview and Level Annotations

Branches:
Dungeon (4/27)
 Temple: D:4-7

Altars:
Kikubaaqudgha
Trog

Annotations
D:3 crap stash


Innate Abilities, Weirdness & Mutations

You are mostly covered in iridescent scales (AC +6).


Message History

You start resting.
You feel a little less clever now.
* * * LOW HITPOINT WARNING * * *
You feel sick.
You start resting.
You feel yourself speed up.
You are feeling hungry.
Eat which item? (? for menu, Esc to quit)
Okay, then.
You start resting.
* * * LOW HITPOINT WARNING * * *
You feel sick.
You start resting.
* * * LOW HITPOINT WARNING * * *
You feel sick.
You start resting.
* * * LOW HITPOINT WARNING * * *
You feel sick.
You start resting.
You die...

.....# #.### .# # ###
# #.. # #.# .. #.# #
#@# # #.# #
#.##.###.# ###
#......... .<##
#.##)###.##
.#.#########
#..........
###%.......#
#.##.###...
.#.#######.#####.##.#
#.## #..........#


There were no monsters in sight!

Vanquished Creatures
  Blork the orc (D:4)
  Jessica (D:2)
  7 adders
  2 giant mites
  3 worms
  7 giant geckos
  An orc (D:4)
  A ball python (D:1)
  5 bats
  6 giant cockroaches
  9 goblins
  6 hobgoblins
  6 kobolds
  3 quokkas
  3 giant newts
  8 rats
69 creatures vanquished.

Notes
Turn   | Place    | Note
--------------------------------------------------------------
     0 | D:1      | Snargelfargen, the Demonspawn Fighter, began the quest for the Orb.
     0 | D:1      | Reached XP level 1. HP: 18/18 MP: 0/0
   254 | D:1      | Reached XP level 2. HP: 16/24 MP: 1/1
   818 | D:1      | Reached XP level 3. HP: 30/30 MP: 2/2
  1343 | D:2      | HP: 1/30 [poisoned by an adder]
  1368 | D:2      | Found an ancient bone altar of Kikubaaqudgha.
  1497 | D:2      | Noticed Jessica
  1523 | D:2      | Killed Jessica
  1523 | D:2      | Gained mutation: You are partially covered in iridescent scales (AC +4). [demonic ancestry]
  1523 | D:2      | Reached XP level 4. HP: 3/36 MP: 3/3
  1807 | D:2      | Reached skill level 4 in Fighting
  2591 | D:3      | Found a bloodstained altar of Trog.
  3404 | D:4      | Gained mutation: You are mostly covered in iridescent scales (AC +6). [demonic ancestry]
  3404 | D:4      | Reached XP level 5. HP: 37/42 MP: 4/4
  3613 | D:4      | Noticed Blork the orc
  3641 | D:4      | Killed Blork the orc
  3895 | D:4      | HP: 2/43 [poisoned by an adder]
  3902 | D:4      | HP: 2/43 [poisoned by an adder]
  3913 | D:4      | HP: 2/43 [poisoned by an adder]
  3921 | D:4      | HP: 2/43 [poisoned by an adder]
  3937 | D:4      | HP: 2/43 [poisoned by an adder]
  3942 | D:4      | HP: 1/43 [poisoned by an adder]
  3943 | D:4      | Succumbed to an adder's poison

Action                   |  1- 3 |  4- 6 || total
-------------------------+-------+-------++-------
Melee: Falchion          |   163 |   173 ||   336
Throw: Stone             |    54 |    19 ||    73
       Hand axe          |    22 |    27 ||    49
       Club              |     6 |     1 ||     7
       Dagger            |     1 |       ||     1
       Dart              |       |     1 ||     1
  Use: Scroll            |     4 |     3 ||     7
       Potion            |     4 |     2 ||     6
